 Dungeon Crawl Stone Soup version 0.17-a0-1468-gbf503c2 (webtiles) character file.

1124 Raurakos the Slicer (level 8, 0/49 HPs)
             Began as a Halfling Warper on July 1, 2015.
             Splashed by a jelly's acid (6 damage)
             ... on level 5 of the Dungeon.
             The game lasted 00:23:28 (5701 turns).

Raurakos the Slicer (Halfling Warper)               Turns: 5701, Time: 00:23:30

Health: 0/49       AC: -15   Str: 11    XL:     8   Next: 61%
Magic:  8/10       EV: 14    Int: 14    God:
Gold:   255        SH:  0    Dex: 16    Spells: 3 memorised, 5 levels left

rFire  . . .     SeeInvis +     a - +0 short sword
rCold  + . .     Clarity  .     B - +0 leather armour
rNeg   . . .     SustAt   .     (shield restricted)
rPois  .         Gourm    .     (no helmet)
rElec  .         Spirit   .     (no cloak)
rCorr  .         Warding  .     (no gloves)
rMut   .         Stasis   .     w - +0 pair of boots
MR     .....                    (no amulet)
Stlth  +.........               (no ring)
                                G - ring of Rin Ovoll {rC+ Int+2 SInv}

@: corroded equipment, not resistant to hostile enchantments, very unstealthy
A: mutation resistance 1
a: no special abilities


You were on level 5 of the Dungeon.
You were hungry.

You visited 1 branch of the dungeon, and saw 5 of its levels.

You collected 277 gold pieces.
You spent 22 gold pieces at shops.

Inventory:

Hand weapons
 a - a +0 short sword (weapon)
 b - a +0 hunting sling
Missiles
 e - 5 tomahawks of dispersal
 q - 17 poisoned needles
 r - 66 stones (quivered)
 x - 6 poisoned sling bullets
 C - 40 sling bullets
 F - 10 exploding sling bullets
 H - 6 tomahawks
 J - 14 steel sling bullets
Armour
 w - a +0 pair of boots (worn)
 B - a +0 leather armour (worn)
Jewellery
 G - the ring of Rin Ovoll (left hand) {rC+ Int+2 SInv}
   (You found it on level 4 of the Dungeon)

   [ring of intelligence]

   It affects your intelligence (+2).
   It protects you from cold.
   It lets you see invisible.
Magical devices
 s - a wand of enslavement (6)
 I - a wand of paralysis (8)
Scrolls
 d - 2 scrolls of blinking
 h - 3 scrolls of remove curse {unknown}
 l - 2 scrolls of amnesia {unknown}
 o - 2 scrolls of fear {unknown}
 t - 3 scrolls of magic mapping {unknown}
 v - a scroll of recharging {unknown}
 y - a scroll of teleportation {unknown}
 z - a scroll of immolation {unknown}
Potions
 g - a potion of haste
 j - a potion of ambrosia {unknown}
 m - 2 potions of brilliance {unknown}
 p - a potion of agility {unknown}
 u - 3 potions of curing
 A - a potion of poison {unknown}
 E - 3 potions of lignification
Books
 c - a book of Spatial Translocations

   Spells                             Type                      Level
   a - Apportation                    Translocation                1
   b - Blink                          Translocation                2
   c - Shroud of Golubria             Charms/Translocation         2
   d - Portal Projectile              Translocation                3
   e - Teleport Other                 Translocation                3
   f - Passage of Golubria            Translocation                4
 L - a book of Cantrips

   Spells                             Type                      Level
   a - Corona                         Hexes                        1
   b - Animate Skeleton               Necromancy                   1
   c - Summon Small Mammal            Summoning                    1
   d - Apportation                    Translocation                1
Comestibles
 f - 5 bread rations
 i - 4 chunks of flesh
 k - 4 meat rations
 n - 4 fruits
 D - a royal jelly


   Skills:
 - Level 1.7 Fighting
 - Level 11.2 Short Blades
 + Level 6.2(6.3) Slings
 - Level 1.3(3.8) Throwing
 - Level 1.1 Armour
 - Level 2.1 Dodging
 - Level 1.5 Spellcasting
 - Level 3.2 Translocations


You had 5 spell levels left.
You knew the following spells:

 Your Spells              Type           Power        Failure   Level  Hunger
a - Apportation           Tloc           ##........   10%         1    ##.....
b - Blink                 Tloc           N/A          14%         2    ###....
c - Shroud of Golubria    Chrm/Tloc      #.........   24%         2    ###....


Dungeon Overview and Level Annotations

Branches:
Dungeon (5/15)
 Temple: D:4-7

Altars:
Ashenzari
Elyvilon
Gozag
Kikubaaqudgha
Trog
Yredelemnul
Zin

Shops:
D:5 *


Innate Abilities, Weirdness & Mutations

You are small and have problems with some larger weapons.
You are somewhat resistant to further mutation.


Message History

* * * LOW HITPOINT WARNING * * *
The jelly is almost dead.
The jelly hits you.
* * * LOW HITPOINT WARNING * * *
You are splashed with acid!
The acid corrodes you!
The acid burns!
* * * LOW HITPOINT WARNING * * *
There is an open door here.
A goblin comes into view. It is wielding a club.
The goblin shouts!
The jelly jiggles.
You see here 2 potions of degeneration.
An ogre comes into view. It is wielding a giant spiked club.
The ogre shouts!
Cast which spell? (? or * to list)
You blink.
You are feeling hungry.
The jelly hits you.
* * * LOW HITPOINT WARNING * * *
You are splashed with acid!
The acid corrodes you!
The acid burns!
You die...

................# #.# #.#.##
................# #.# #.#...
####............# ##.######)####
...'............# #.............
####............## #.............
#.###.........# #............∩
#.# #.....!...# #.............
#.# #......g..###.............
#.# #........@.##...........!.
#.# #........#J##.............
#.# ##########§##............. ##
#o############.##.............
..##............#.##..######'####
..'.............#O##.)######.####
..###...........#.##..[..........
.. #...........#..##)######.####
.. #........................#


You could see an ogre, a jelly and a goblin.

Vanquished Creatures
  Pikel (D:4)
  A sky beast (D:5)
  An ogre (D:4)
  2 slaves
  2 crimson imps (D:5)
  3 orc priests
  An orc wizard (D:4)
  3 iguanas
  A worker ant (D:4)
  6 adders
  An adder zombie (D:5)
  An adder skeleton (D:5)
  2 worms
  2 giant geckos
  19 orcs
  16 bats
  4 giant cockroaches
  11 goblins
  9 hobgoblins
  6 jackals
  2 ball pythons
  3 giant newts
  13 kobolds
  2 quokkas
  A quokka skeleton (D:5)
  12 rats
  A fungus (D:3)
126 creatures vanquished.

Vanquished Creatures (others)
  A goblin (D:4)
1 creature vanquished.

Grand Total: 127 creatures vanquished

Notes
Turn   | Place    | Note
--------------------------------------------------------------
     0 | D:1      | Raurakos the Halfling Warper began the quest for the Orb.
     0 | D:1      | Reached XP level 1. HP: 14/14 MP: 3/3
    85 | D:1      | Reached XP level 2. HP: 12/19 MP: 4/4
   227 | D:1      | Reached skill level 4 in Short Blades
   294 | D:1      | Reached XP level 3. HP: 8/24 MP: 5/5
   767 | D:2      | Reached skill level 5 in Short Blades
   807 | D:2      | Reached XP level 4. HP: 20/29 MP: 6/6
   909 | D:2      | Learned a level 2 spell: Blink
   912 | D:2      | Learned a level 2 spell: Shroud of Golubria
  1713 | D:2      | Reached skill level 6 in Short Blades
  1871 | D:2      | Reached XP level 5. HP: 25/34 MP: 7/7
  2256 | D:3      | Found a shattered altar of Ashenzari.
  2827 | D:3      | Reached skill level 7 in Short Blades
  3400 | D:4      | Noticed an ogre
  3428 | D:4      | Killed an ogre
  3428 | D:4      | Reached skill level 8 in Short Blades
  3428 | D:4      | Reached XP level 6. HP: 39/39 MP: 8/8
  3606 | D:4      | Noticed a slave
  3607 | D:4      | Noticed a slave
  3608 | D:4      | Noticed a slave
  3609 | D:4      | Noticed Pikel
  3609 | D:4      | Noticed a slave
  3628 | D:3      | Killed a slave
  3874 | D:4      | Killed a slave
  3897 | D:4      | Killed Pikel
  3897 | D:4      | Reached skill level 11 in Short Blades
  3897 | D:4      | Reached XP level 7. HP: 30/44 MP: 9/9
  3897 | D:4      | Reached XP level 8. HP: 33/49 MP: 10/10
  4009 | D:4      | Found a glowing silver altar of Zin.
  4094 | D:4      | Reached skill level 1 in Slings
  4126 | D:4      | Got a bound tin ring
  4127 | D:4      | Identified the ring of Rin Ovoll {rC+ Int+2 SInv} (You found it on level 4 of the Dungeon)
  4249 | D:4      | Found a white marble altar of Elyvilon.
  4281 | D:4      | Found a basalt altar of Yredelemnul.
  4282 | D:4      | Found a bloodstained altar of Trog.
  4282 | D:4      | Found an opulent altar of Gozag.
  4285 | D:4      | Found an ancient bone altar of Kikubaaqudgha.
  4496 | D:5      | Entered Level 5 of the Dungeon
  4666 | D:5      | Found Vayn's General Store.
  4928 | D:5      | Bought a scroll of identify for 22 gold pieces
  5105 | D:5      | Reached skill level 5 in Slings
  5659 | D:5      | HP: 1/49 [acid (6)]
  5701 | D:5      | Splashed by a jelly's acid

Vault maps used:
D:1:      eino_arrival_cavern_d, st_stairs_10, minmay_close_crescents
D:2:      first_bread
D:3:      serial_corexii_hall, corexii_hall_statues_x, corexii_hall_statues_s,
          corexii_hall_statues_deadend, corexii_hall_statues_l,
          minmay_gold_behind_fungi, evilmike_ruin_ashenzari
D:4:      minitemple, nicolae_overflow_hidden_temple, uniq_pikel
D:5:      serial_shops, shop

Action                   |  1- 3 |  4- 6 |  7- 9 || total
-------------------------+-------+-------+-------++-------
Melee: Short sword       |   141 |   254 |   145 ||   540
 Fire: Hunting sling     |       |    34 |    16 ||    50
Throw: Stone             |     1 |    19 |    21 ||    41
 Cast: Blink             |       |       |     1 ||     1
  Use: Scroll            |       |       |     5 ||     5
 Stab: Sleeping          |     1 |     2 |       ||     3
  Eat: Chunk             |       |    10 |     5 ||    15
